 Dungeon Crawl Stone Soup version 0.28.0 (webtiles) character file.

Game seed: 16027008435162378925

336 sasquatch the Cudgeller (level 6, -8/53 (59) HPs)
             Began as a Troll Fighter on Feb 11, 2022.
             Was an Initiate of Ashenzari.
             Mangled by an ogre (26 damage)
             ... on level 4 of the Dungeon.
             The game lasted 00:04:34 (2655 turns).

sasquatch the Cudgeller (Troll Fighter)             Turns: 2655, Time: 00:04:34

HP:   -8/53 (59)    AC:  6    Str: 27    XL:     6   Next: 28%
MP:   5/5           EV:  8    Int:  4    God:    Ashenzari [......]
Gold: 193           SH:  7    Dex:  9    Spells: 5/5 levels left

rFire   . . .      SeeInvis .   a - +0 flail
rCold   . . .      Faith    .   c - +0 kite shield
rNeg    . . .      Spirit   .   b - +0 robe
rPois   .          Reflect  .   (helmet restricted)
rElec   .          Harm     .   l - +1 cloak
rCorr   .          Rampage  .   (gloves unavailable)
Will    .....                   (boots unavailable)
Stlth   +.........              (no amulet)
HPRegen 0.97/turn               (no ring)
MPRegen 0.09/turn               (no ring)

@: heavily drained
A: large, unfitting armour, claws 3, regeneration 1, shaggy fur 1, tough skin 1
a: Renounce Religion


You were on level 4 of the Dungeon.
You worshipped Ashenzari.
Ashenzari was noncommittal.
You visited 2 branches of the dungeon, and saw 5 of its levels.

You collected 238 gold pieces.
You spent 45 gold pieces at shops.

Inventory:

Hand Weapons
 a - a +0 flail (weapon)
Armour
 b - a +0 robe (worn)
 c - a +0 kite shield (worn)
 l - a +1 cloak (worn)
Wands
 d - a wand of flame (20)
Scrolls
 g - a scroll of enchant weapon {unknown}
 h - a scroll of identify
 j - a scroll of fear
 k - a scroll of amnesia {unknown}
 m - a scroll of summoning {unknown}
 n - a scroll of immolation {unknown}
Potions
 f - 2 potions of cancellation
 i - a potion of heal wounds


   Skills:
 - Level 2.4 Fighting
 + Level 6.1 Maces & Flails
 - Level 2.4 Dodging
 - Level 2.4 Shields


You had 5 spell levels left.
You didn't know any spells.
Your spell library contained the following spells:

 Spells                   Type           Power      Damage    Failure   Level
 Summon Forest            Summ/Tloc      0%         N/A       100%        5
 Summon Mana Viper        Hex/Summ       0%         N/A       100%        5
 Summon Cactus Giant      Summ           0%         N/A       100%        6
 Borgnjor's Revivificati  Necr           0%         N/A       100%        8
 Necromutation            Tmut/Necr      0%         N/A       100%        8
 Death's Door             Necr           0%         N/A       100%        9


Dungeon Overview and Level Annotations

Branches:
Dungeon (4/15)             Temple (1/1) D:4

Altars:
Ashenzari
Dithmenos
Elyvilon
Gozag
Hepliaklqana
Kikubaaqudgha
Makhleb
Nemelex Xobeh
Okawaru
Ru
Sif Muna
Trog
Uskayaw
Vehumet
Wu Jian
Xom
Yredelemnul
The Shining One

Shops:
D:2 *(

Annotations:
D:3 Edmund


Innate Abilities, Weirdness & Mutations

You are too large for most types of armour.
You have claws for hands.
Your natural rate of healing is unusually fast.
You are covered in fur. (AC +1)
You have tough skin. (AC +1)


Message History

Okay, then.
A mysterious force pulls you upwards. The hatch slams shut behind you.
Your extra speed is starting to run out.
You feel yourself slow down.
There is a stone staircase leading down here.
You climb downwards.
Level annotation: Edmund
There is a stone staircase leading up here.
HP restored.
There is a stone staircase leading up here.
There is a stone staircase leading down here.
You climb downwards.
There is a stone staircase leading up here.
An ogre comes into view. It is wielding a +0 giant club.
The ogre shouts!
An ogre is nearby!
The ogre hits you with a +0 giant club!!
You hit the ogre.
The ogre is lightly wounded.
The ogre hits you with a +0 giant club!
You are too injured to fight recklessly!
You are too injured to fight recklessly!
You are too injured to fight recklessly!
You are too injured to fight recklessly!
Unknown command.
You thump the ogre!
The ogre is heavily wounded.
The ogre hits you with a +0 giant club!!
* * * LOW HITPOINT WARNING * * *
Unknown command.
You see here a +0 ring mail.
The ogre closely misses you.
You sock the ogre!
The ogre is severely wounded.
The ogre hits you with a +0 giant club!!
Ouch! That really hurt!
You barely miss the ogre.
The ogre is severely wounded.
The ogre hits you with a +0 giant club!!
You die...

##.#...#.##......††....#
#.)')..'..#............###
##.#...#.##.....(......#.##
.####÷####................#
...#).)#....#..##.........#
.#.##.##.#..##..#........##
....#'#..##.##........##.#
........##...#..........##
...#...#.>.....O@........#
.............##.#.......##
.............##.#...#.###
....................###
#...>......>.........#
...#.............#..##
#..##.......#....#.##
#.........####...###
########### #####


You could see an ogre.

Vanquished Creatures
  A hound (D:3)
  Crazy Yiuf (D:3)
  Ijyb (D:4)
  Natasha (thrice) (D:2)
  4 adders
  4 gnolls (D:3)
  An ufetubus (D:4)
  An adder skeleton (D:4)
  3 dart slugs
  5 ball pythons
  7 endoplasms
  14 hobgoblins
  2 jackals (D:4)
  8 kobolds
  4 quokkas (D:1)
  7 bats
  5 frilled lizards
  13 goblins
  11 rats
  A spectral kobold (D:1)
96 creatures vanquished.

Vanquished Creatures (others)
  2 fungi (D:3)
2 creatures vanquished.

Grand Total: 98 creatures vanquished

Notes
Turn   | Place    | Note
-------+----------+-------------------------------------------
     0 | D:1      | sasquatch the Troll Fighter began the quest for the Orb.
     0 | D:1      | Reached XP level 1. HP: 22/22 MP: 0/0
     9 | D:1      | Reached skill level 2 in Maces & Flails
    51 | D:1      | Reached XP level 2. HP: 28/29 MP: 1/1
   168 | D:1      | Found a faded altar of an unknown god.
   210 | D:1      | Reached skill level 3 in Maces & Flails
   236 | D:1      | Reached XP level 3. HP: 31/36 MP: 2/2
   403 | D:2      | Noticed Natasha
   415 | D:2      | Killed Natasha
   636 | D:2      | Found Fyidghupy's Weapon Emporium.
   644 | D:2      | Reached skill level 4 in Maces & Flails
   644 | D:2      | Reached XP level 4. HP: 36/44 MP: 3/3
   736 | D:2      | Noticed Natasha
   748 | D:2      | Killed Natasha
   815 | D:2      | Found Itiqili's General Store.
  1016 | D:2      | Bought a scroll of fear for 45 gold pieces
  1042 | D:2      | Noticed Natasha
  1047 | D:2      | Killed Natasha
  1171 | D:3      | Reached XP level 5. HP: 50/50 MP: 4/4
  1393 | D:3      | Reached skill level 5 in Maces & Flails
  1779 | D:3      | Found a runed translucent door.
  1780 | D:3      | Noticed Crazy Yiuf
  1877 | D:3      | Killed Crazy Yiuf
  1953 | D:4      | Reached XP level 6. HP: 59/59 MP: 5/5
  2002 | D:4      | Found a staircase to the Ecumenical Temple.
  2037 | Temple   | Entered the Ecumenical Temple
  2131 | Temple   | Became a worshipper of Ashenzari the Shackled
  2168 | D:4      | Noticed Ijyb
  2184 | D:4      | Killed Ijyb
  2185 | D:4      | Reached skill level 6 in Maces & Flails
  2477 | D:4      | Noticed Edmund
  2604 | D:4      | HP: 1/53 [ogre (21)]
  2655 | D:4      | Mangled by an ogre

Illustrated notes

Levels and vault maps discovered:
D:1:      dpeg_arrival_arbitrary_c, layout_rooms,
          dreamdust_ecumenical_altar_drowned_temple, st_stairs_13
D:2:      layout_loops_ring, serial_shops, shop, shop_statue, uniq_natasha
D:3:      layout_loops_ring, serial_glass, glass_columns_a, glass_columns_c,
          grunt_ministairs_6, uniq_crazy_yiuf_cottage
D:4:      cheibrodos_greedy_goblins, layout_cave_pools, tgw_fedhas,
          minmay_temple_entry_poolview, uniq_edmund, uniq_ijyb
Temple:   compressed_dpeg_circular_temple

Skill      XL: |  1  2  3  4  5  6 |
---------------+-------------------+-----
Maces & Flails | 2 3 4 5 6 |  6.1
Fighting       | |  2.4
Dodging        | |  2.4
Shields        | |  2.4

Action                   |  1- 3 |  4- 6 || total
-------------------------+-------+-------++-------
Melee: Flail             |   110 |   221 ||   331
  Use: Potion            |       |     3 ||     3
       Scroll            |       |     1 ||     1
Armor: Robe              |    45 |    91 ||   136
Dodge: Dodged            |    49 |    90 ||   139
Block: Kite shield       |    51 |    88 ||   139
